 Dungeon Crawl Stone Soup version 0.27.1-37-g7b29ead8ac (console) character file.

Game seed: 5152892383626345244

17453 grimtooth the Frost Mage (level 11, -4/97 HPs)
             Began as a Demigod Ice Elementalist on Apr 5, 2023.
             Slain by a troll (7 damage)
             ... on level 14 of the Dungeon on Apr 6, 2023.
             The game lasted 01:19:49 (15007 turns).

grimtooth the Frost Mage (DgIE)                    Turns: 15007, Time: 01:19:53

Health: -4/97      AC: 15    Str: 13    XL:     11   Next: 91%
Magic:  15/20      EV: 19    Int: 25    God:
Gold:   718        SH:  0    Dex: 14    Spells: 7/18 levels left

rFire    . . .     SeeInvis +   m - +1 short sword (protect)
rCold    . . .     Faith    .   (no shield)
rNeg     . . .     Spirit   .   H - +0 leather armour {rPois}
rPois    +         Reflect  .   T - +1 helmet
rElec    .         Harm     .   p - +0 cloak
rCorr    .         Rampage  .   G - +1 pair of gloves
Will     +....                  (no boots)
Stlth    +++.......             d - amulet of magic regeneration
HPRegen  0.26/turn              l - ring of see invisible
MPRegen  0.42/turn              Z - +4 ring of evasion

@: ice-armoured
A: high mp 1, forlorn
a: no special abilities


You were on level 14 of the Dungeon.
You visited 1 branch of the dungeon, and saw 12 of its levels.
You also visited: Sewer.

You collected 718 gold pieces.

Inventory:

Hand Weapons
 m - a +1 short sword of protection (weapon)
Missiles
 a - 5 boomerangs
 A - 33 poisoned darts (quivered)
Armour
 p - a +0 cloak (worn)
 G - a +1 pair of gloves (worn)
 H - a +0 leather armour of poison resistance (worn)
 M - the +2 ring mail of the Gloaming {rF+++ Int-5 SInv Stlth-}
   (You found it on level 6 of the Dungeon)

   Int:       It affects your intelligence (-5).
   rF:        It renders you almost immune to fire.
   SInv:      It lets you see invisible.
   Stlth:     It makes you less stealthy.
 T - a +1 helmet (worn)
Jewellery
 d - an amulet of magic regeneration (around neck)
 l - a ring of see invisible (left hand)
 Z - a +4 ring of evasion (right hand)
Wands
 g - a wand of iceblast (6)
 q - a wand of mindburst (10)
 C - a wand of acid (24)
 F - a wand of flame (8)
 N - a wand of paralysis (8)
 O - a wand of polymorph (10)
Scrolls
 o - 2 scrolls of acquirement {unknown}
 t - a scroll of summoning {unknown}
 u - 2 scrolls of magic mapping {unknown}
 v - 2 scrolls of enchant armour {unknown}
 w - 3 scrolls of teleportation
 x - 5 scrolls of fog {unknown}
 y - 2 scrolls of blinking {unknown}
 R - a scroll of immolation {unknown}
 S - 2 scrolls of amnesia {unknown}
 U - 2 scrolls of noise {unknown}
Potions
 b - 2 potions of resistance
 c - 4 potions of brilliance {unknown}
 f - 4 potions of might
 i - 4 potions of magic {unknown}
 r - a potion of berserk rage
 s - 4 potions of flight
 K - 2 potions of haste {unknown}
 P - 2 potions of attraction {unknown}
Miscellaneous
 V - a condenser vane
 W - a box of beasts


   Skills:
 - Level 9.0 Fighting
 - Level 3.0 Armour
 * Level 7.7 Dodging
 - Level 6.0 Stealth
 - Level 4.0 Spellcasting
 - Level 9.0 Conjurations
 - Level 9.0 Ice Magic
 + Level 3.1 Evocations


You had 7 spell levels left.
You knew the following spells:

 Your Spells              Type           Power      Damage    Failure   Level
a - Freeze                Ice            100%       1d11      1%          1
b - Frozen Ramparts       Ice            100%       1d12      1%          3
e - Hailstorm             Conj/Ice       50%        3d11      2%          4
o - Ozocubu's Armour      Ice            50%        N/A       1%          3

Your spell library contained the following spells:

 Spells                   Type           Power      Damage    Failure   Level
 Conjure Flame            Conj/Fire      27%        6-21      5%          3
 Mephitic Cloud           Conj/Pois/Air  20%        N/A       10%         3
 Ice Form                 Ice/Tmut       27%        N/A       19%         4
 Sticky Flame             Conj/Fire      27%        2d5       19%         4
 Ignite Poison            Fire/Tmut/Pois 5%         N/A       34%         3
 Bolt of Magma            Conj/Fire/Erth 10%        4d7       67%         5
 Simulacrum               Ice/Necr       13%        N/A       95%         6


Dungeon Overview and Level Annotations

Branches:
Dungeon (14/15)            Temple (0/1) D:6            Lair (0/6) D:10
 Vaults (0/5) D:14          Sewer (visited)
    Orc: D:9-12

Annotations:
D:5 exclusion: 2 wights
D:9 2 transporters, exclusion: vampire, Kazon's ghost, novice DDFi
D:10 2 runed translucent doors
D:14 exclusions: deep elf pyromancer and hog, Kirke


Innate Abilities, Weirdness & Mutations

Your attributes grow dramatically as you level up.
You have an increased reservoir of magic. (+10% MP)
You shall have no god before yourself.


Message History

The wolf spider is severely wounded.
The wall freezes the wolf spider.
The wolf spider misses you. The wolf spider closely misses you.
The wall freezes the troll.
The troll closely misses you. The troll completely misses you.
The troll claws you but does no damage.
Casting: Freeze (safe; 1% risk of failure)
Confirm with . or Enter, or press ? or * to list all spells.
Aiming: Freeze (safe; 1% risk of failure)
Press: ? - help, Shift-Dir - straight line, f/p - wolf spider
Aim: a wolf spider (severely wounded)
You freeze the wolf spider.
The wolf spider is almost dead.
The wall freezes the wolf spider!
The wolf spider hits you but does no damage.
The wolf spider bites you!
* * * LOW HITPOINT WARNING * * *
The wall freezes the troll!
The troll misses you. The troll barely misses you.
The troll closely misses you.
The wall freezes the wolf spider.
You kill the wolf spider!
Your Evocations skill increases to level 3!
You barely miss the troll.
The troll is severely wounded.
The frozen ramparts melt away.
The troll bites you!
* * * LOW HITPOINT WARNING * * *
The troll misses you. The troll claws you but does no damage.
You barely miss the troll.
The troll is severely wounded.
The troll completely misses you. The troll claws you but does no damage.
The troll claws you!
* * * LOW HITPOINT WARNING * * *
Press: ? - help, v - describe, . - travel
Here: a troll (severely wounded)
The floor.
Aiming: Mindburst
Press: ? - help, Shift-Dir - straight line, f - troll
Aim: a troll (severely wounded, chance to affect: 77%)
The troll barely resists.
The troll bites you!
* * * LOW HITPOINT WARNING * * *
The troll claws you!
You die...

.# #.....#...(..#####...#
.# #.....####...# #...#
.# +........#.(.# #...#
.######........#..(# ..##
...............#...# ..#
...............#...#####
#..............#........
#..............#........
#.........s.!..#.......R
#..............#.# .#
#..............#@#####.#
#..........##...T......#
#..........#...........#
...........#...........##
############.............
.........................
.................<>....(.
........)........∩<......
.....########...|........
.....#.................##
####.#.................#


You could see a troll.

Vanquished Creatures
  A two-headed ogre (D:11)
  4 centaur warriors
  Urug (D:14)
  A wolf spider (D:14)
  2 cyclopes (D:14)
  An unseen horror (D:10)
  A troll (D:9)
  A hornet (D:9)
  Prince Ribbit (D:5)
  A wyvern (D:8)
  32 yaks
  A vampire (D:9)
  Eustachio (D:5)
  13 humans (D:14)
  3 steam dragons (D:8)
  3 orc warriors
  A sky beast (D:5)
  A black bear (D:5)
  An ice beast (D:5)
  6 centaurs
  4 ogres
  3 gnoll sergeants
  5 bullfrogs
  2 scorpions
  4 killer bees (D:8)
  A howler monkey (D:9)
  2 bullfrog zombies
  5 centaur zombies
  A centaur skeleton (D:5)
  5 orc priests
  Crazy Yiuf (D:2)
  2 bullfrog skeletons (D:4)
  2 gnoll shamans
  2 hounds
  2 iguanas
  7 orc wizards
  Natasha (thrice) (D:2)
  A hound skeleton (D:5)
  A howler monkey zombie (D:8)
  19 gnolls
  3 adders
  An adder skeleton (D:5)
  5 worms
  A dart slug (D:1)
  29 orcs
  9 bats
  10 endoplasms
  3 giant cockroaches
  10 goblins
  12 hobgoblins
  10 jackals
  8 kobolds
  4 quokkas
  9 ball pythons
  6 frilled lizards
  3 rats
271 creatures vanquished.

Notes
Turn   | Place    | Note
-------+----------+-------------------------------------------
     0 | D:1      | grimtooth the Demigod Ice Elementalist began the quest for
                  | the Orb.
     0 | D:1      | Reached XP level 1. HP: 14/14 MP: 5/5
   731 | D:1      | Reached XP level 2. HP: 11/20 MP: 4/7
  1275 | D:1      | Reached XP level 3. HP: 26/26 MP: 3/8
  1785 | D:2      | Reached skill level 5 in Ice Magic
  1787 | D:2      | Noticed Natasha
  1795 | D:2      | Killed Natasha
  1801 | D:2      | Reached XP level 4. HP: 18/33 MP: 3/9
  1981 | D:2      | Noticed Natasha
  1989 | D:2      | HP: 1/33 [Natasha (5)]
  1990 | D:2      | Killed Natasha
  2364 | D:2      | Noticed Natasha
  2369 | D:2      | Killed Natasha
  2370 | D:2      | Reached XP level 5. HP: 24/38 MP: 8/10
  2374 | D:2      | Learned a level 3 spell: Frozen Ramparts
  2378 | D:2      | Learned a level 3 spell: Ozocubu's Armour
  2882 | D:2      | Found a runed translucent door.
  2883 | D:2      | Noticed Crazy Yiuf
  3045 | D:2      | Killed Crazy Yiuf
  3319 | D:3      | Found a glowing drain.
  3332 | Sewer    | Entered a sewer
  4538 | D:4      | Noticed an ogre
  4880 | D:4      | Reached XP level 6. HP: 45/45 MP: 5/13
  5930 | D:5      | Entered Level 5 of the Dungeon
  5995 | D:5      | Reached skill level 1 in Fighting
  5995 | D:5      | Reached XP level 7. HP: 52/52 MP: 8/14
  6077 | D:5      | Identified the +3 leather armour of the Amoeba {-Tele
                  | Regen+ Stlth+}
  6340 | D:5      | Noticed Prince Ribbit
  6355 | D:5      | Killed Prince Ribbit
  6507 | D:5      | Identified the +1 leather armour of Lies {rElec}
  6679 | D:5      | Reached XP level 8. HP: 63/63 MP: 8/15
  6748 | D:5      | Reached skill level 1 in Armour
  6820 | D:5      | Noticed Eustachio
  6867 | D:5      | Killed Eustachio
  6868 | D:5      | Reached skill level 5 in Fighting
  7100 | D:5      | Reached XP level 9. HP: 74/74 MP: 18/18
  7741 | D:6      | Found a staircase to the Ecumenical Temple.
  8094 | D:6      | Identified the +2 ring mail of the Gloaming {rF+++ Int-5
                  | SInv Stlth-}
  8799 | D:7      | Reached skill level 5 in Dodging
  9548 | D:8      | Reached XP level 10. HP: 70/86 MP: 8/19
 10421 | D:9      | Reached skill level 5 in Stealth
 10492 | D:9      | Found a transporter.
 10505 | D:9      | Noticed Kazon's ghost (novice DDFi)
 10529 | D:8      | HP: 1/133 [yak (8)]
 10534 | D:8      | HP: 3/135 [yak (5)]
 11153 | D:9      | Noticed a manticore
 11164 | D:9      | Found a transporter.
 11184 | D:9      | Noticed a moth of wrath
 11430 | D:9      | Learned a level 4 spell: Hailstorm
 11463 | D:9      | Reached skill level 1 in Conjurations
 11982 | D:10     | Entered Level 10 of the Dungeon
 12581 | D:10     | Found a large runed translucent door.
 12582 | D:10     | Found a large runed translucent door.
 12717 | D:10     | Reached skill level 5 in Conjurations
 12721 | D:10     | Reached XP level 11. HP: 97/97 MP: 17/20
 12885 | D:10     | Found a staircase to the Lair.
 12927 | D:10     | Noticed a centaur warrior
 12938 | D:10     | Killed a centaur warrior
 13263 | D:11     | Noticed a centaur warrior
 13272 | D:11     | Killed a centaur warrior
 13340 | D:11     | Noticed a two-headed ogre
 13353 | D:11     | Killed a two-headed ogre
 13618 | D:11     | You fall into a shaft and drop 3 floors!
 13627 | D:14     | - i just know an ice cave will show up now
 13675 | D:14     | Noticed a centaur warrior
 13686 | D:14     | Killed a centaur warrior
 14001 | D:14     | Noticed Kirke
 14008 | D:14     | Noticed a deep elf pyromancer
 14131 | D:14     | Noticed a boulder beetle
 14152 | D:14     | - not good
 14482 | D:14     | Reached skill level 1 in Evocations
 14492 | D:14     | Noticed a centaur warrior
 14507 | D:14     | Killed a centaur warrior
 14555 | D:14     | Noticed Urug
 14561 | D:14     | Killed Urug
 14570 | D:14     | HP: 3/97 [human (2)]
 14571 | D:14     | - crap
 14963 | D:14     | Found a gate to the Vaults.
 14965 | D:14     | - it was!
 15007 | D:14     | HP: 3/97 [troll (12)]
 15007 | D:14     | Slain by a troll

Illustrated notes #........ #.......# #.......# #.......# ##...[...# #........# #........# #........# #........# ###........# #.....@....# ########...# ...# ..# .# Turn 13627 on D:14: - i just know an ice cave will show up now

................................#
................................#
.................#########.......
.................#.......#.######
.................#.......#.#
########.........#..[....'.#
.......#.........#.......#.#
.......#####+#...#.......#.#
.............#...#.......#.####
.............###.#.......#....#
...............+@#.......#....#
...............#B#########....#
...............#.(○...........#
....#+####.....#....?......)..#
....# #.....#...(..#####...#
....# #.....####...# #...# ....#
+........#.(.# #...#
....######........#..(# ..##
..................#...# ..#
..................#...#
####..............#....


Turn 14152 on D:14: - not good ........................#...#
.....#####..............#.... .....# #..............# .....# #...........!..#
.....# #..............# .....# #..............# .....# #..........##....
+#...#####..........# ... .#..................# .p .#######'############... .
................@sp..... ................pp...... ###..............)......
..#.........††########.. ..#...........#....... . ..#..########.#...p... ..#..#
#.#....... ..#..# #.'....... ..#..# #.#....... ..#..# #)#......s ..#..#
#†#....... Turn 14571 on D:14: - crap ....................#...#
.#####..............#.... .# #..............# .# #...........!..# . .#
#..............#.# .# #..............#.## .# #..........##......
.#####..........#....... ................#....... ####'############.......
................@....... ......................<> .............)........∩<
..........########...... ..........#............. .########.#...p......... .#
#.#....... ..... .# #.'....... ..... .# #.#....... .# #)#......s .# #†#.......
Turn 14965 on D:14: - it was!

Levels and vault maps discovered:
D:1:      dpeg_arrival_brainrot, layout_loops_ring
D:2:      layout_basic, shapermc_ecumenical_altar_ellora, grunt_ministairs_5,
          kennysheep_generic_room_11, uniq_natasha, uniq_crazy_yiuf_cottage
D:3:      minmay_wonky_spiral, layout_loops_cross, grunt_temple_overflow_open,
          gammafunk_temple_overflow_wave, serial_bayou, serial_bayou_shore_a,
          serial_bayou_pond_b, serial_bayou_lagoon_b, serial_bayou_ford_a,
          cheibrodos_sewer_entry_drain
D:4:      layout_loops_corners, nicolae_hepliaklqana_hazy_memory,
          kennysheep_path_1, serial_bayou_lake_a
D:5:      layout_basic, minmay_misc_feat_enclosed, kennysheep_generic_room_4,
          uniq_eustachio, uniq_prince_ribbit1
D:6:      layout_loops_ring, minmay_temple_entry_drinking_statues
D:7:      layout_basic, overflow_temple_1_default
D:8:      layout_rooms, lemuel_crystal_altar
D:9:      layout_long_grid, gammafunk_ghost_berserking_beasts
D:10:     layout_layer_cave, jmf_multi_god_temple2, lair_entry_dummy,
          grunt_ministairs_15
D:11:     layout_basic
D:14:     layout_irregular_city, david_vaults_3, uniq_kirke

Skill      XL: |  1  2  3  4  5  6  7  8  9 10 11 |
---------------+----------------------------------+-----
Ice Magic      | 4 5 6 7 8 9 |  9.0
Spellcasting   | 2 3 4 |  4.0
Dodging        | 2 3 6 7 |  7.7
Fighting       | 1 3 5 7 9 |  9.0
Armour         | 3 |  3.0
Stealth        | 4 6 |  6.0
Conjurations   | 5 9 |  9.0
Evocations     | 3 |  3.1

Action                   |  1- 3 |  4- 6 |  7- 9 | 10-12 || total
-------------------------+-------+-------+-------+-------++-------
Melee: Unarmed           |     1 |       |       |       ||     1
       Short sword       |       |     4 |   100 |   230 ||   334
Throw: Stone             |    52 |    39 |     2 |     4 ||    97
       Dart              |       |     2 |    16 |    26 ||    44
 Cast: Freeze            |    74 |    81 |    86 |    63 ||   304
       Ozocubu's Armour  |       |    15 |    40 |    37 ||    92
       Frozen Ramparts   |       |    11 |    27 |    33 ||    71
       Hailstorm         |       |       |       |    30 ||    30
Evoke: Wand              |       |       |     8 |     7 ||    15
  Use: Potion            |       |     1 |       |     7 ||     8
       Scroll            |       |       |     6 |     5 ||    11
 Stab: Sleeping          |       |       |     4 |     1 ||     5
       Paralysed         |       |       |       |     5 ||     5
Armor: Robe              |     5 |    19 |    31 |       ||    55
       Leather armour    |       |       |    91 |   284 ||   375
       Skin              |       |       |       |    11 ||    11
Dodge: Dodged            |    24 |    55 |   168 |   360 ||   607
